 Dungeon Crawl Stone Soup version 0.31-b1-20-g67cafac56d (webtiles) character file.

Game seed: 7450211055581900407

37 HakonGodeson the Trooper (level 3, 0/29 HPs)
             Began as a Human Fighter on Jan 17, 2024.
             Splashed by a jelly's acid (3 damage)
             ... on level 2 of the Dungeon.
             The game lasted 00:01:51 (587 turns).

HakonGodeson the Trooper (Human Fighter)             Turns: 587, Time: 00:01:52

Health: 0/29       AC: -1    Str: 16    XL:     3   Next: 39%
Magic:  3/3        EV:  9    Int: 10    God:
Gold:   74         SH:  4    Dex: 12    Spells: 2/2 levels left

rFire   . . .        a - +0 war axe
rCold   + . .        c - +0 buckler
rNeg    . . .        b - +0 scale mail
rPois   .            (no helmet)
rElec   .            (no cloak)
rCorr   .            (no gloves)
SInv    .            (no boots)
Will    .....        g - amulet of the acrobat Stlth
                     h - ring of protection from cold
HPRegen 0.24/turn    (no ring)
MPRegen 0.08/turn

%: acrobat
@: corroded
A: explore regen
a: no special abilities


You were on level 2 of the Dungeon.
You visited 1 branch of the dungeon, and saw 2 of its levels.

You collected 74 gold pieces.

Inventory:

Hand Weapons
 a - a +0 war axe (weapon)
Armour
 b - a +0 scale mail (worn)
 c - a +0 buckler (worn)
Jewellery
 g - an amulet of the acrobat (around neck)
 h - a ring of protection from cold (left hand)
Scrolls
 f - a scroll of identify {unknown}
Potions
 d - a potion of might
 e - a potion of invisibility {unknown}


   Skills:
 * Level 3.2 Fighting
 * Level 2.5 Axes
 * Level 3.2 Armour
 * Level 0.3 Dodging
 * Level 1.0 Stealth
 * Level 3.2 Shields


You had 2 spell levels left.
You didn't know any spells.
Your spell library was empty.

Dungeon Overview and Level Annotations

Branches:
Dungeon (2/15)

Altars:
Cheibriados
Kikubaaqudgha
Qazlal
Ru
Trog


Innate Abilities, Weirdness & Mutations

You regain HP and MP as you explore.


Message History

The endoplasm hits you but does no damage.
You barely miss the endoplasm.
The endoplasm hits you but does no damage.
You hit the endoplasm.
The endoplasm is moderately wounded.
The endoplasm freezes you.
You are frozen.
You resist.
You hit the endoplasm but do no damage.
The endoplasm is moderately wounded.
The endoplasm hits you but does no damage.
The endoplasm closely misses you.
You slash the endoplasm!
You kill the endoplasm!
The endoplasm hits you.
You slash the endoplasm!
You kill the endoplasm!
You hit the endoplasm.
The endoplasm is severely wounded.
The endoplasm closely misses you.
You hit the endoplasm.
You kill the endoplasm!
Your Stealth skill increases to level 1!
A nearby fungus withers and dies.
You block the endoplasm's attack.
You slash the endoplasm!
You kill the endoplasm!
The endoplasm quivers.
There is an open door here.
Things that are here:
a +0 dagger; 2 stones You completely miss the jelly.
You block the jelly's attack.
You slash the jelly!
Your hands burn!
The jelly is heavily wounded.
The jelly hits you. The acid corrodes you!
You are splashed with acid!
You hit the jelly.
Your hands burn!
The jelly is heavily wounded.
The jelly hits you but does no damage. The jelly hits you.
The acid corrodes you!
You are splashed with acid!
* * * LOW HITPOINT WARNING * * *
You hit the jelly but do no damage.
Your hands burn!
You die...

~PPP....# ##.))..##
~PPP...## #.......#
~P~PP..# #.......#
~P~....# #.......#
~~~....# #.......#
~P~~P..## #....####
~P~P....## #....'..##
~~PP.....# ########.#
P~~~~....# ##JJ@...##
....#....## #J#######
...†..†...##....._...
....####..##.J÷J.....
....# #..##..._.÷.P.
...<# #..##...P÷_...
....# #..##....._.÷÷
##### #..##..._.P..$
##..###########


You could see a jelly and 2 endoplasms.

Vanquished Creatures
  An adder (D:2)
  A ribbon worm (D:2)
  6 endoplasms
  2 goblins (D:1)
  2 jackals (D:1)
  7 kobolds (D:2)
  2 bats (D:2)
  A frilled lizard (D:1)
  2 rats
24 creatures vanquished.

Notes
Turn   | Place    | Note
-------+----------+-------------------------------------------
     0 | D:1      | HakonGodeson the Human Fighter began the quest for the Orb.
     0 | D:1      | Reached XP level 1. HP: 18/18 MP: 1/1
   236 | D:1      | Reached XP level 2. HP: 22/24 MP: 2/2
   458 | D:2      | Reached XP level 3. HP: 21/29 MP: 3/3
   561 | D:2      | Found a stormy altar of Qazlal.
   561 | D:2      | Found a bloodstained altar of Trog.
   561 | D:2      | Found a stormy altar of Qazlal.
   561 | D:2      | Found a sacrificial altar of Ru.
   561 | D:2      | Found an ancient bone altar of Kikubaaqudgha.
   561 | D:2      | Found a snail-covered altar of Cheibriados.
   577 | D:2      | Reached skill level 1 in Stealth
   587 | D:2      | Splashed by a jelly's acid

Illustrated notes

Levels and vault maps discovered:
D:1:      roderic_crossed_star, layout_basic, serial_shops,
          nicolae_shop_window_shopping
D:2:      cheibrodos_fertilizer, layout_rooms, serial_bayou,
          serial_bayou_lagoon_b, serial_bayou_pond_d, serial_bayou_shore_a,
          serial_bayou_crossing

Skill      XL: |  1  2  3 |
---------------+----------+-----
Stealth        | 1 |  1.0
Fighting       | |  3.2
Axes           | |  2.5
Armour         | |  3.2
Dodging        | |  0.3
Shields        | |  3.2

Action                     || total
---------------------------++-------
  Melee: War axe           ||    78
    Use: Scroll            ||     2
 Armour: Scale mail        ||    70
  Dodge: Dodged            ||    51
  Block: Buckler           ||    26
